Canucks vs Senateurs (R1)

Created - October 29, 2018 at 19:34

Goals
1 2 3 T
Canucks 0 1 1 2
Senateurs 0 4 2 6
Shots
1 2 3 T
Canucks 11 10 4 25
Senateurs 14 14 10 38

1st period

No Goal

Penalties :
Chris Kunitz (Ott) for Fighting (Major) at 8:22, Peter Worrell (Van) for Fighting (Major) at 8:22

2nd period

1. Senateurs , Marian Hossa 2 (Thomas Vanek 7, Evgeni Malkin 5) at 1:32 (PP)
2. Canucks , Alex Goligoski 3 (Matt Stajan 9) at 9:56
3. Senateurs , Evgeni Malkin 5 (Marian Hossa 1, Thomas Vanek 8) at 15:45 (PP)
4. Senateurs , Colby Armstrong 4 (Dan Hamhuis 3, Cody Hodgson 3) at 17:45
5. Senateurs , Thomas Vanek 3 (Daniel Briere 5, Evgeni Malkin 6) at 19:50

Penalties :
Martins Karsums (Van) for Roughing (Minor) at 0:53, Peter Worrell (Van) for Diving (Minor) at 10:28, Johan Franzen (Van) for High sticking (Minor) at 15:29

3rd period

6. Senateurs , Cody Hodgson 2 (Brooks Orpik 2) at 5:40
7. Senateurs , Brandon Dubinsky 3 (Dan Hamhuis 4) at 18:57
8. Canucks , Alex Goligoski 4 (Matt Stajan 10) at 19:01

Penalties :
Matt Stajan (Van) for Interference (Minor) at 2:10, Alex Goligoski (Van) for Interference (Minor) at 9:06, Radim Vrbata (Ott) for Interference (Minor) at 15:07, Brad Boyes (Van) for Holding (Minor) at 19:35

Goalie Stats

Michal Neuvirth (Van), 32 saves from 38 shots - (0.842), L, 4-4-0, 60:00 minutes
Ondrej Pavelec (Ott), 23 saves from 25 shots - (0.920), W, 5-2-0, 60:00 minutes

Players Stats for Canucks

Player Name              G  A  P  +/- PIM S  H  SB GA TA FO     MP     PP MP  PK MP  
------------------------------------------------------------------------------------
Alex Goligoski           2  0  2  -1  2   3  1  1  0  1  0/0    29:00   1:14   4:00 
Brad Boyes               0  0  0  -1  2   2  0  1  0  0  1/1    19:08   0:51   0:00 
Chris Campoli            0  0  0  -1  0   0  0  0  0  0  0/0    17:45   1:14   2:12 
Chris Higgins            0  0  0   0  0   3  2  0  0  0  0/1    20:45   0:54   1:48 
Clarke MacArthur         0  0  0   0  0   2  1  0  0  0  0/0    16:25   0:59   4:40 
Danny DeKeiser           0  0  0   1  0   1  1  1  0  1  0/0    20:58   0:45   0:46 
Jamie McBain             0  0  0   0  0   0  0  0  0  0  0/0     2:19   0:00   0:00 
Jiri Hudler              0  0  0   1  0   0  0  0  0  0  0/0    11:20   0:58   0:00 
Johan Franzen            0  0  0  -1  2   0  1  0  0  0  0/1    10:56   0:10   0:00 
Ladislav Smid            0  0  0  -1  0   0  3  0  0  0  0/0    24:22   0:01   5:23 
Martins Karsums          0  0  0  -1  2   1  1  0  0  0  0/1    12:44   0:00   0:00 
Matt Stajan              0  2  2   2  2   5  2  1  1  0  14/33  27:50   0:49   3:12 
Maxim Lapierre           0  0  0  -2  0   3  1  0  0  0  3/10   16:56   0:44   2:52 
Mike Ribeiro             0  0  0   0  0   1  0  0  0  0  5/5     1:42   0:00   0:00 
Nik Antropov             0  0  0  -2  0   1  0  0  0  0  3/7    13:52   0:26   2:00 
Peter Worrell            0  0  0  -1  7   0  2  0  0  0  0/0    12:24   0:06   0:00 
Ryan Hollweg             0  0  0  -1  0   3  2  0  0  1  0/0    10:40   0:00   0:00 
Steve Montador           0  0  0  -2  0   0  3  3  0  0  0/0    23:31   0:44   2:11 

Players Stats for Senateurs

Player Name              G  A  P  +/- PIM S  H  SB GA TA FO     MP     PP MP  PK MP  
------------------------------------------------------------------------------------
Brandon Dubinsky         1  0  1   1  0   3  0  0  1  0  4/6    10:01   0:00   0:40 
Brenden Morrow           0  0  0  -2  0   3  4  0  2  0  0/0    19:29   3:04   0:40 
Brooks Orpik             0  1  1   1  0   0  0  0  0  0  0/0    14:20   0:00   0:00 
Carlo Colaiacovo         0  0  0  -1  0   1  1  0  0  0  0/0    18:36   2:45   1:05 
Chris Kunitz             0  0  0   1  5   0  1  1  0  0  0/0     7:32   0:00   0:00 
Cody Franson             0  0  0  -1  0   0  2  1  0  0  0/0    21:40   4:31   0:54 
Cody Hodgson             1  1  2   2  0   4  0  0  0  0  1/3    13:21   0:00   0:00 
Colby Armstrong          1  0  1   2  0   4  3  0  0  0  0/0    14:17   3:04   0:00 
Colton Parayko           0  0  0   2  0   0  4  0  0  0  0/0    19:57   0:00   0:10 
Dan Hamhuis              0  2  2   2  0   2  0  1  0  0  0/0    26:54   4:31   0:44 
Daniel Briere            0  1  1   1  0   2  1  0  0  0  3/7    18:03   3:04   0:59 
Evgeni Malkin            1  2  3  -2  0   2  0  0  0  0  24/40  21:09   4:12   0:59 
Marian Hossa             1  1  2  -2  0   4  0  0  0  0  1/3    20:23   4:12   0:20 
Radim Vrbata             0  0  0   1  2   1  3  0  0  1  0/0    14:19   0:00   0:00 
Sergei Kostitsyn         0  0  0   2  0   1  0  0  0  0  0/0    11:33   0:00   0:00 
Thomas Vanek             1  2  3   1  0   10 1  0  0  0  0/0    18:31   4:12   0:20 
Tomas Jurco              0  0  0   1  0   0  1  0  0  0  0/0     9:21   0:00   0:00 
Vladimir Mihalik         0  0  0   1  0   1  1  0  0  0  0/0    18:33   2:45   1:05 

3 Stars

1 - Thomas Vanek (Ott)
2 - Cody Hodgson (Ott)
3 - Colby Armstrong (Ott)

Power Play

Canucks - 0 on 1 Attempt(s) - 0.00%
Senateurs - 2 on 6 Attempt(s) - 33.33%

Penalty Kill

Canucks - 4 on 6 Attempt(s) - 66.67% - Score 0 goal in Penalty Kill
Senateurs - 1 on 1 Attempt(s) - 100.00% - Score 0 goal in Penalty Kill

Team Stat

Canucks - Hits : 20 - Faceoff Wins : 26 - Blocked Shots : 7 - Penalty Minutes : 17
Senateurs - Hits : 22 - Faceoff Wins : 33 - Blocked Shots : 3 - Penalty Minutes : 7

Official

Referees : Unknown
Linesman : Unknown

Game Notes

Chris Kunitz beats up Peter Worrell at 8:22 of 1st period
Mike Ribeiro is injured at 8:24 of 1st period (Fractured Bone in Left Hand)
Jamie McBain is injured at 10:59 of 1st period (Sprained Left Finger)

Finance

Level 1 -- Attendance: 5800 (96.67%) -- Ticket Income $481,400
Level 2 -- Attendance: 4934 (98.68%) -- Ticket Income $261,502
Level 3 -- Attendance: 2000 (100.00%) -- Ticket Income $66,000
Level 4 -- Attendance: 4000 (100.00%) -- Ticket Income $92,000
Luxury Box -- Attendance: 882 (88.20%) -- Ticket Income $136,710
Game was played at the Place Banque Scotia.
Total Attendance: 17616 (97.87%)
Total Ticket Income: $1,037,612
Other Income: $155,642
Total Income: $1,193,254

Canucks

5 vs 5 Forward 
   Center                   Left Wing                Right Wing               Time % Phy DF OF 
 1 Mike Ribeiro             Chris Higgins            Brad Boyes               52     0   1  4  
 2 Matt Stajan              Clarke MacArthur         Jiri Hudler              35     0   1  4  
 3 Maxim Lapierre           Peter Worrell            Martins Karsums          10     1   2  2  
 4 Nik Antropov             Ryan Hollweg             Johan Franzen            3      0   3  2  

5 vs 5 Defense 
   Defense                  Defense                                           Time % Phy DF OF 
 1 Alex Goligoski           Steve Montador                                    50     0   1  4  
 2 Jamie McBain             Danny DeKeiser                                    33     0   2  3  
 3 Chris Campoli            Ladislav Smid                                     10     0   3  2  
 4 Alex Goligoski           Danny DeKeiser                                    7      0   2  3  

PowerPlay Forward 
   Center                   Left Wing                Right Wing               Time % Phy DF OF 
 1 Mike Ribeiro             Chris Higgins            Brad Boyes               80     0   0  5  
 2 Matt Stajan              Clarke MacArthur         Jiri Hudler              20     0   0  5  

PowerPlay Defense
   Defense                  Defense                                           Time % Phy DF OF 
 1 Alex Goligoski           Jamie McBain                                      70     0   0  5  
 2 Steve Montador           Danny DeKeiser                                    30     0   0  5  

Penalty Kill 4 Players Forward 
   Center                   Wing                     Time % Phy DF OF 
 1 Matt Stajan              Clarke MacArthur         60     0   3  2  
 2 Mike Ribeiro             Maxim Lapierre           40     0   3  2  

Penalty Kill 4 Players Defense
   Defense                  Defense                  Time % Phy DF OF 
 1 Alex Goligoski           Ladislav Smid            66     0   3  2  
 2 Steve Montador           Jamie McBain             34     0   3  2  

Penalty Kill - 3 Players Forward 
   Forward                                           Time % Phy DF OF 
 1 Matt Stajan                                       60     0   3  2  
 2 Mike Ribeiro                                      40     0   3  2  

Penalty Kill - 3 Players Defense
   Defense                  Defense                  Time % Phy DF OF 
 1 Alex Goligoski           Ladislav Smid            60     0   3  2  
 2 Steve Montador           Jamie McBain             40     0   3  2  

4 vs 4 Forward 
   Center                   Wing                     Time % Phy DF OF 
 1 Mike Ribeiro             Brad Boyes               70     0   2  3  
 2 Matt Stajan              Chris Higgins            30     1   2  2  

4 vs 4 Defense
   Defense                  Defense                  Time % Phy DF OF 
 1 Alex Goligoski           Jamie McBain             60     0   1  4  
 2 Steve Montador           Ladislav Smid            40     0   3  2  

Last Minutes Offensive
   Center                   Left Wing                Right Wing               Defense                  Defense                  
   Mike Ribeiro             Chris Higgins            Brad Boyes               Alex Goligoski           Danny DeKeiser           

Last Minutes Defensive
   Center                   Left Wing                Right Wing               Defense                  Defense                  
   Matt Stajan              Clarke MacArthur         Brad Boyes               Alex Goligoski           Ladislav Smid            

Goaltenders
Starting : Michal Neuvirth          
Backup : Alex Stalock             

Extra Forwards
Normal : Mike Ribeiro, Matt Stajan, Brad Boyes - PP : Mike Ribeiro, Brad Boyes - PK : Matt Stajan
Extra Defensemen
Normal : Alex Goligoski, Jamie McBain, Ladislav Smid - PP : Jamie McBain - PK : Jamie McBain, Ladislav Smid
Penalty Shots
Brad Boyes, Chris Higgins, Clarke MacArthur, Maxim Lapierre, Mike Ribeiro

Scratches
Phil McRae (Healthy)

Senateurs

5 vs 5 Forward 
   Center                   Left Wing                Right Wing               Time % Phy DF OF 
 1 Evgeni Malkin            Brenden Morrow           Marian Hossa             40     1   2  2  
 2 Daniel Briere            Thomas Vanek             Radim Vrbata             30     1   2  2  
 3 Cody Hodgson             Sergei Kostitsyn         Colby Armstrong          20     1   2  2  
 4 Brandon Dubinsky         Chris Kunitz             Tomas Jurco              10     1   2  2  

5 vs 5 Defense 
   Defense                  Defense                                           Time % Phy DF OF 
 1 Dan Hamhuis              Colton Parayko                                    40     1   2  2  
 2 Carlo Colaiacovo         Cody Franson                                      30     1   2  2  
 3 Brooks Orpik             Vladimir Mihalik                                  20     1   2  2  
 4 Dan Hamhuis              Cody Franson                                      10     1   2  2  

PowerPlay Forward 
   Center                   Left Wing                Right Wing               Time % Phy DF OF 
 1 Evgeni Malkin            Thomas Vanek             Marian Hossa             60     1   2  2  
 2 Daniel Briere            Brenden Morrow           Colby Armstrong          40     1   2  2  

PowerPlay Defense
   Defense                  Defense                                           Time % Phy DF OF 
 1 Dan Hamhuis              Cody Franson                                      60     1   2  2  
 2 Carlo Colaiacovo         Vladimir Mihalik                                  40     1   2  2  

Penalty Kill 4 Players Forward 
   Center                   Wing                     Time % Phy DF OF 
 1 Evgeni Malkin            Daniel Briere            60     1   2  2  
 2 Thomas Vanek             Marian Hossa             40     1   2  2  

Penalty Kill 4 Players Defense
   Defense                  Defense                  Time % Phy DF OF 
 1 Dan Hamhuis              Cody Franson             60     1   2  2  
 2 Carlo Colaiacovo         Vladimir Mihalik         40     1   2  2  

Penalty Kill - 3 Players Forward 
   Forward                                           Time % Phy DF OF 
 1 Evgeni Malkin                                     60     1   2  2  
 2 Daniel Briere                                     40     1   2  2  

Penalty Kill - 3 Players Defense
   Defense                  Defense                  Time % Phy DF OF 
 1 Dan Hamhuis              Cody Franson             60     1   2  2  
 2 Carlo Colaiacovo         Vladimir Mihalik         40     1   2  2  

4 vs 4 Forward 
   Center                   Wing                     Time % Phy DF OF 
 1 Evgeni Malkin            Daniel Briere            60     1   2  2  
 2 Thomas Vanek             Marian Hossa             40     1   2  2  

4 vs 4 Defense
   Defense                  Defense                  Time % Phy DF OF 
 1 Dan Hamhuis              Cody Franson             60     1   2  2  
 2 Carlo Colaiacovo         Vladimir Mihalik         40     1   2  2  

Last Minutes Offensive
   Center                   Left Wing                Right Wing               Defense                  Defense                  
   Evgeni Malkin            Thomas Vanek             Marian Hossa             Dan Hamhuis              Cody Franson             

Last Minutes Defensive
   Center                   Left Wing                Right Wing               Defense                  Defense                  
   Evgeni Malkin            Thomas Vanek             Marian Hossa             Dan Hamhuis              Cody Franson             

Goaltenders
Starting : Ondrej Pavelec           
Backup : Jeff Deslauriers         

Extra Forwards
Normal : Cody Hodgson, Radim Vrbata, Brandon Dubinsky - PP : Cody Hodgson, Radim Vrbata - PK : Brandon Dubinsky
Extra Defensemen
Normal : Brooks Orpik, Colton Parayko, Carlo Colaiacovo - PP : Brooks Orpik - PK : Colton Parayko, Carlo Colaiacovo
Penalty Shots
Evgeni Malkin, Daniel Briere, Thomas Vanek, Marian Hossa, Brenden Morrow

Scratches
None


% Time on Ice - Canucks

Lines # - Real PCT - Wanted PCT - Time Play
Normal Forward
1 - 40% - 52% - 20:24
2 - 17% - 35% - 8:49
3 - 23% - 10% - 11:47
4 - 19% - 3% - 9:45
Normal Defense
1 - 41% - 50% - 20:37
2 - 42% - 33% - 21:16
3 - 16% - 10% - 8:06
4 - 2% - 7% - 0:46
PP Forward
1 - 88% - 80% - 1:45
2 - 12% - 20% - 0:14
PP Defense
1 - 63% - 70% - 1:15
2 - 37% - 30% - 0:44
PK Forward
1 - 89% - 60% - 6:28
2 - 11% - 40% - 0:48
PK Defense
1 - 70% - 66% - 5:05
2 - 30% - 34% - 2:11
PK3 Forward
1 - 0% - 60%
2 - 0% - 40%
PK3 Defense
1 - 0% - 60%
2 - 0% - 40%
44 Forward
1 - 0% - 70%
2 - 0% - 30%
44 Defense
1 - 0% - 60%
2 - 0% - 40%
Last Minute Offensive  - 0:00
Last Minute Defensive  - 0:00
Total
Forward - 60:00
Defense - 60:00

% Time on Ice - Senateurs

Lines # - Real PCT - Wanted PCT - Time Play
Normal Forward
1 - 31% - 40% - 15:58
2 - 27% - 30% - 13:53
3 - 23% - 20% - 11:33
4 - 18% - 10% - 9:21
Normal Defense
1 - 39% - 40% - 19:48
2 - 29% - 30% - 14:46
3 - 28% - 20% - 14:02
4 - 4% - 10% - 2:09
PP Forward
1 - 58% - 60% - 4:12
2 - 42% - 40% - 3:04
PP Defense
1 - 62% - 60% - 4:31
2 - 38% - 40% - 2:45
PK Forward
1 - 83% - 60% - 1:39
2 - 17% - 40% - 0:20
PK Defense
1 - 45% - 60% - 0:54
2 - 55% - 40% - 1:05
PK3 Forward
1 - 0% - 60%
2 - 0% - 40%
PK3 Defense
1 - 0% - 60%
2 - 0% - 40%
44 Forward
1 - 0% - 60%
2 - 0% - 40%
44 Defense
1 - 0% - 60%
2 - 0% - 40%
Last Minute Offensive  - 0:00
Last Minute Defensive  - 0:00
Total
Forward - 60:00
Defense - 60:00

Play by Play

1st period


0:01 of 1st period - Mike Ribeiro wins face-off versus Evgeni Malkin in neutral zone.
0:30 of 1st period - Wrist shot by Thomas Vanek.
0:30 of 1st period - Stopped by Michal Neuvirth without a rebound.
0:31 of 1st period - Maxim Lapierre wins face-off versus Daniel Briere in Canucks zone.
0:36 of 1st period - Backhand shot by Jamie McBain.
0:36 of 1st period - Deflect By Maxim Lapierre.
0:36 of 1st period - Stopped by Ondrej Pavelec with a rebound.
0:42 of 1st period - Wrist shot by Thomas Vanek.
0:42 of 1st period - Deflect By Maxim Lapierre.
0:42 of 1st period - Stopped by Michal Neuvirth with a rebound.
0:44 of 1st period - Snap shot by Radim Vrbata.
0:44 of 1st period - Deflect By Thomas Vanek.
0:44 of 1st period - Stopped by Michal Neuvirth with a rebound.
0:46 of 1st period - Wrist shot by Radim Vrbata.
0:46 of 1st period - Stopped by Michal Neuvirth without a rebound.
0:47 of 1st period - Cody Hodgson wins face-off versus Matt Stajan in Canucks zone.
0:55 of 1st period - Icing by Chris Campoli.
0:56 of 1st period - Matt Stajan wins face-off versus Cody Hodgson in Canucks zone.
1:31 of 1st period - Wrist shot by Cody Hodgson.
1:31 of 1st period - Stopped by Michal Neuvirth with a rebound.
1:59 of 1st period - Vladimir Mihalik is hit by Ladislav Smid and loses puck.
2:06 of 1st period - Snap shot by Clarke MacArthur.
2:06 of 1st period - Stopped by Ondrej Pavelec with a rebound.
2:08 of 1st period - Wrist shot by Matt Stajan.
2:08 of 1st period - Shot Misses the Net.
2:14 of 1st period - Chris Campoli is hit by Vladimir Mihalik and loses puck.
2:29 of 1st period - Snap shot by Matt Stajan.
2:29 of 1st period - Stopped by Ondrej Pavelec with a rebound.
2:41 of 1st period - Clarke MacArthur is hit by Colby Armstrong and loses puck.
3:10 of 1st period - Snap shot by Cody Hodgson.
3:10 of 1st period - Shot Misses the Net.
3:36 of 1st period - Wrist shot by Jiri Hudler.
3:36 of 1st period - Shot Misses the Net.
4:02 of 1st period - Snap shot by Sergei Kostitsyn.
4:02 of 1st period - Stopped by Michal Neuvirth with a rebound.
4:12 of 1st period - Ladislav Smid is hit by Colby Armstrong and loses puck.
4:50 of 1st period - Snap shot by Matt Stajan.
4:50 of 1st period - Stopped by Ondrej Pavelec with a rebound.
5:20 of 1st period - Wrist shot by Colby Armstrong.
5:20 of 1st period - Stopped by Michal Neuvirth with a rebound.
5:59 of 1st period - Snap shot by Cody Hodgson.
5:59 of 1st period - Stopped by Michal Neuvirth without a rebound.
6:00 of 1st period - Mike Ribeiro wins face-off versus Evgeni Malkin in Canucks zone.
6:05 of 1st period - Dan Hamhuis is hit by Steve Montador and loses puck.
6:14 of 1st period - Snap shot by Marian Hossa.
6:14 of 1st period - Shot Blocked by Brad Boyes.
6:16 of 1st period - Slapshot by Dan Hamhuis.
6:16 of 1st period - Shot Blocked by Steve Montador.
6:26 of 1st period - Daniel Briere is hit by Martins Karsums.
6:32 of 1st period - Wrist shot by Thomas Vanek.
6:32 of 1st period - Deflect By Daniel Briere.
6:32 of 1st period - Stopped by Michal Neuvirth without a rebound.
6:33 of 1st period - Mike Ribeiro wins face-off versus Evgeni Malkin in Canucks zone.
6:47 of 1st period - Wrist shot by Mike Ribeiro.
6:47 of 1st period - Stopped by Ondrej Pavelec without a rebound.
6:48 of 1st period - Mike Ribeiro wins face-off versus Daniel Briere in Senateurs zone.
6:49 of 1st period - Wrist shot by Brad Boyes.
6:49 of 1st period - Stopped by Ondrej Pavelec with a rebound.
7:22 of 1st period - Slapshot by Brenden Morrow.
7:22 of 1st period - Stopped by Michal Neuvirth without a rebound.
7:23 of 1st period - Evgeni Malkin wins face-off versus Nik Antropov in Canucks zone.
7:47 of 1st period - Jamie McBain is hit by Radim Vrbata and loses puck.
8:11 of 1st period - Off-side.
8:12 of 1st period - Brandon Dubinsky wins face-off versus Maxim Lapierre in neutral zone.
8:22 of 1st period - Chris Kunitz beats up Peter Worrell.
8:22 of 1st period - Penalty to Chris Kunitz for Fighting.
8:22 of 1st period - Penalty to Peter Worrell for Fighting.
8:23 of 1st period - Mike Ribeiro wins face-off versus Evgeni Malkin in Canucks zone.
8:23 of 1st period - Mike Ribeiro is hit by Colton Parayko.
8:24 of 1st period - Mike Ribeiro from Canucks is injured at 8:24 of 1st period (Fractured Bone in Left Hand).
8:25 of 1st period - Matt Stajan wins face-off versus Evgeni Malkin in Canucks zone.
8:50 of 1st period - Daniel Briere is hit by Alex Goligoski and loses puck.
9:56 of 1st period - Slapshot by Daniel Briere.
9:56 of 1st period - Stopped by Michal Neuvirth without a rebound.
9:57 of 1st period - Brandon Dubinsky wins face-off versus Nik Antropov in Canucks zone.
10:08 of 1st period - Dan Hamhuis is hit by Ryan Hollweg.
10:47 of 1st period - Carlo Colaiacovo is hit by Steve Montador and loses puck.
10:58 of 1st period - Jamie McBain is hit by Carlo Colaiacovo and loses puck.
10:59 of 1st period - Jamie McBain from Canucks is injured at 10:59 of 1st period (Sprained Left Finger).
11:00 of 1st period - Evgeni Malkin wins face-off versus Matt Stajan in Canucks zone.
12:32 of 1st period - Wrist shot by Radim Vrbata.
12:32 of 1st period - Deflect By Daniel Briere.
12:32 of 1st period - Shot Misses the Net.
12:32 of 1st period - Puck is out of play.
12:33 of 1st period - Maxim Lapierre wins face-off versus Brandon Dubinsky in Canucks zone.
12:37 of 1st period - Off-side.
12:38 of 1st period - Brandon Dubinsky wins face-off versus Maxim Lapierre in neutral zone.
12:45 of 1st period - Wrist shot by Cody Hodgson.
12:45 of 1st period - Stopped by Michal Neuvirth with a rebound.
12:51 of 1st period - Snap shot by Alex Goligoski.
12:51 of 1st period - Deflect By Dan Hamhuis.
12:51 of 1st period - Stopped by Ondrej Pavelec with a rebound.
12:53 of 1st period - Slapshot by Alex Goligoski.
12:53 of 1st period - Shot Blocked by Dan Hamhuis.
13:30 of 1st period - Wrist shot by Chris Higgins.
13:30 of 1st period - Stopped by Ondrej Pavelec with a rebound.
13:32 of 1st period - Snap shot by Chris Higgins.
13:32 of 1st period - Shot Misses the Net.
14:01 of 1st period - Snap shot by Matt Stajan.
14:01 of 1st period - Stopped by Ondrej Pavelec with a rebound.
14:03 of 1st period - Wrist shot by Matt Stajan.
14:03 of 1st period - Stopped by Ondrej Pavelec with a rebound.
14:05 of 1st period - Wrist shot by Matt Stajan.
14:05 of 1st period - Shot Misses the Net.
14:27 of 1st period - Vladimir Mihalik is hit by Matt Stajan and loses puck.
15:01 of 1st period - Snap shot by Steve Montador.
15:01 of 1st period - Shot Blocked by Cody Franson.
15:28 of 1st period - Colton Parayko is hit by Peter Worrell and loses puck.
15:36 of 1st period - Icing by Evgeni Malkin.
15:37 of 1st period - Matt Stajan wins face-off versus Evgeni Malkin in Senateurs zone.
16:25 of 1st period - Matt Stajan is hit by Colton Parayko and loses puck.
16:38 of 1st period - Brenden Morrow is hit by Maxim Lapierre and loses puck.
16:45 of 1st period - Slapshot by Marian Hossa.
16:45 of 1st period - Stopped by Michal Neuvirth with a rebound.
16:47 of 1st period - Snap shot by Evgeni Malkin.
16:47 of 1st period - Shot Misses the Net.
17:10 of 1st period - Snap shot by Thomas Vanek.
17:10 of 1st period - Stopped by Michal Neuvirth with a rebound.
17:12 of 1st period - Snap shot by Thomas Vanek.
17:12 of 1st period - Deflect By Daniel Briere.
17:12 of 1st period - Shot Misses the Net.
17:12 of 1st period - Puck is out of play.
17:13 of 1st period - Evgeni Malkin wins face-off versus Matt Stajan in Canucks zone.
18:03 of 1st period - Icing by Carlo Colaiacovo.
18:04 of 1st period - Evgeni Malkin wins face-off versus Johan Franzen in Senateurs zone.
18:09 of 1st period - Wrist shot by Brenden Morrow.
18:09 of 1st period - Shot Misses the Net.
18:31 of 1st period - Icing by Colton Parayko.
18:32 of 1st period - Daniel Briere wins face-off versus Matt Stajan in Senateurs zone.
19:24 of 1st period - Matt Stajan is hit by Radim Vrbata and loses puck.
19:37 of 1st period - Snap shot by Matt Stajan.
19:37 of 1st period - Shot Hit the Post.
19:45 of 1st period - Wrist shot by Chris Higgins.
19:45 of 1st period - Stopped by Ondrej Pavelec without a rebound.
19:46 of 1st period - Evgeni Malkin wins face-off versus Maxim Lapierre in Senateurs zone.
19:57 of 1st period - Steve Montador is hit by Cody Franson and loses puck.
Goals for this period are 0 for Canucks vs 0 for Senateurs.
Shots for this period are 11 for Canucks vs 14 for Senateurs.

2nd period


0:01 of 2nd period - Evgeni Malkin wins face-off versus Matt Stajan in neutral zone.
0:04 of 2nd period - Snap shot by Brenden Morrow.
0:04 of 2nd period - Stopped by Michal Neuvirth without a rebound.
0:05 of 2nd period - Evgeni Malkin wins face-off versus Matt Stajan in Canucks zone.
0:32 of 2nd period - Snap shot by Alex Goligoski.
0:32 of 2nd period - Deflect By Martins Karsums.
0:32 of 2nd period - Stopped by Ondrej Pavelec with a rebound.
0:34 of 2nd period - Wrist shot by Martins Karsums.
0:34 of 2nd period - Deflect By Peter Worrell.
0:34 of 2nd period - Shot Misses the Net.
0:34 of 2nd period - Puck is out of play.
0:35 of 2nd period - Evgeni Malkin wins face-off versus Martins Karsums in Senateurs zone.
0:53 of 2nd period - Minor Penalty to Martins Karsums for Roughing.
0:54 of 2nd period - Matt Stajan wins face-off versus Evgeni Malkin in Canucks zone.
1:28 of 2nd period - Snap shot by Brenden Morrow.
1:28 of 2nd period - Stopped by Michal Neuvirth without a rebound.
1:29 of 2nd period - Evgeni Malkin wins face-off versus Matt Stajan in Canucks zone.
1:30 of 2nd period - Slapshot by Thomas Vanek.
1:30 of 2nd period - Stopped by Michal Neuvirth with a rebound.
1:32 of 2nd period - Wrist shot by Marian Hossa.
1:32 of 2nd period - Goal by Marian Hossa - Canucks : 0 - Senateurs : 1.
1:33 of 2nd period - Evgeni Malkin wins face-off versus Matt Stajan in neutral zone.
2:05 of 2nd period - Slapshot by Ryan Hollweg.
2:05 of 2nd period - Shot Misses the Net.
2:07 of 2nd period - Snap shot by Ryan Hollweg.
2:07 of 2nd period - Deflect By Nik Antropov.
2:07 of 2nd period - Stopped by Ondrej Pavelec with a rebound.
2:09 of 2nd period - Slapshot by Steve Montador.
2:09 of 2nd period - Shot Misses the Net.
3:21 of 2nd period - Steve Montador is hit by Thomas Vanek and loses puck.
3:38 of 2nd period - Brandon Dubinsky is hit by Steve Montador and loses puck.
3:57 of 2nd period - Chris Higgins is hit by Colby Armstrong and loses puck.
4:18 of 2nd period - Wrist shot by Ryan Hollweg.
4:18 of 2nd period - Stopped by Ondrej Pavelec without a rebound.
4:19 of 2nd period - Daniel Briere wins face-off versus Nik Antropov in Senateurs zone.
4:26 of 2nd period - Slapshot by Cody Franson.
4:26 of 2nd period - Shot Misses the Net.
4:32 of 2nd period - Thomas Vanek is hit by Ladislav Smid and loses puck.
5:04 of 2nd period - Wrist shot by Martins Karsums.
5:04 of 2nd period - Shot Misses the Net.
5:14 of 2nd period - Carlo Colaiacovo is hit by Chris Higgins.
5:34 of 2nd period - Snap shot by Brandon Dubinsky.
5:34 of 2nd period - Shot Misses the Net.
5:56 of 2nd period - Slapshot by Colby Armstrong.
5:56 of 2nd period - Shot Blocked by Danny DeKeiser.
6:20 of 2nd period - Wrist shot by Johan Franzen.
6:20 of 2nd period - Shot Misses the Net.
6:41 of 2nd period - Snap shot by Danny DeKeiser.
6:41 of 2nd period - Stopped by Ondrej Pavelec without a rebound.
6:42 of 2nd period - Evgeni Malkin wins face-off versus Matt Stajan in Senateurs zone.
7:26 of 2nd period - Brad Boyes is hit by Daniel Briere and loses puck.
7:57 of 2nd period - Vladimir Mihalik is hit by Ladislav Smid.
9:16 of 2nd period - Wrist shot by Brandon Dubinsky.
9:16 of 2nd period - Shot Misses the Net.
9:18 of 2nd period - Snap shot by Vladimir Mihalik.
9:18 of 2nd period - Stopped by Michal Neuvirth without a rebound.
9:19 of 2nd period - Brandon Dubinsky wins face-off versus Maxim Lapierre in Canucks zone.
9:24 of 2nd period - Snap shot by Brandon Dubinsky.
9:24 of 2nd period - Stopped by Michal Neuvirth without a rebound.
9:25 of 2nd period - Evgeni Malkin wins face-off versus Maxim Lapierre in Canucks zone.
9:40 of 2nd period - Wrist shot by Marian Hossa.
9:40 of 2nd period - Stopped by Michal Neuvirth with a rebound.
9:50 of 2nd period - Slapshot by Matt Stajan.
9:50 of 2nd period - Stopped by Ondrej Pavelec without a rebound.
9:51 of 2nd period - Matt Stajan wins face-off versus Daniel Briere in Senateurs zone.
9:54 of 2nd period - Snap shot by Clarke MacArthur.
9:54 of 2nd period - Stopped by Ondrej Pavelec without a rebound.
9:55 of 2nd period - Matt Stajan wins face-off versus Evgeni Malkin in Senateurs zone.
9:56 of 2nd period - Slapshot by Alex Goligoski.
9:56 of 2nd period - Goal by Alex Goligoski - Canucks : 1 - Senateurs : 1.
9:57 of 2nd period - Marian Hossa wins face-off versus Matt Stajan in neutral zone.
10:28 of 2nd period - Minor Penalty to Peter Worrell for Diving.
10:29 of 2nd period - Evgeni Malkin wins face-off versus Matt Stajan in Canucks zone.
11:26 of 2nd period - Carlo Colaiacovo is hit by Chris Higgins and loses puck.
12:17 of 2nd period - Nik Antropov is hit by Brenden Morrow and loses puck.
12:28 of 2nd period - Penalty to Peter Worrell is over, Peter Worrell is back on ice.
12:38 of 2nd period - Wrist shot by Chris Higgins.
12:38 of 2nd period - Stopped by Ondrej Pavelec without a rebound.
12:39 of 2nd period - Nik Antropov wins face-off versus Brandon Dubinsky in Senateurs zone.
12:40 of 2nd period - Snap shot by Ryan Hollweg.
12:40 of 2nd period - Stopped by Ondrej Pavelec with a rebound.
12:54 of 2nd period - Slapshot by Johan Franzen.
12:54 of 2nd period - Shot Blocked by Chris Kunitz.
13:37 of 2nd period - Icing by Evgeni Malkin.
13:38 of 2nd period - Nik Antropov wins face-off versus Cody Hodgson in Senateurs zone.
13:51 of 2nd period - Wrist shot by Colby Armstrong.
13:51 of 2nd period - Stopped by Michal Neuvirth without a rebound.
13:52 of 2nd period - Matt Stajan wins face-off versus Evgeni Malkin in Canucks zone.
13:52 of 2nd period - Matt Stajan is hit by Brenden Morrow.
14:23 of 2nd period - Slapshot by Dan Hamhuis.
14:23 of 2nd period - Shot Misses the Net.
14:25 of 2nd period - Slapshot by Thomas Vanek.
14:25 of 2nd period - Shot Misses the Net.
14:52 of 2nd period - Wrist shot by Brandon Dubinsky.
14:52 of 2nd period - Stopped by Michal Neuvirth without a rebound.
14:53 of 2nd period - Matt Stajan wins face-off versus Evgeni Malkin in Canucks zone.
15:27 of 2nd period - Snap shot by Thomas Vanek.
15:27 of 2nd period - Shot Misses the Net.
15:29 of 2nd period - Minor Penalty to Johan Franzen for High sticking.
15:30 of 2nd period - Matt Stajan wins face-off versus Evgeni Malkin in Canucks zone.
15:41 of 2nd period - Snap shot by Thomas Vanek.
15:41 of 2nd period - Shot Misses the Net.
15:43 of 2nd period - Slapshot by Marian Hossa.
15:43 of 2nd period - Stopped by Michal Neuvirth with a rebound.
15:45 of 2nd period - Wrist shot by Evgeni Malkin.
15:45 of 2nd period - Goal by Evgeni Malkin - Canucks : 1 - Senateurs : 2.
15:46 of 2nd period - Evgeni Malkin wins face-off versus Chris Higgins in neutral zone.
16:12 of 2nd period - Dan Hamhuis is hit by Peter Worrell.
16:44 of 2nd period - Backhand shot by Ryan Hollweg.
16:44 of 2nd period - Stopped by Ondrej Pavelec without a rebound.
16:45 of 2nd period - Evgeni Malkin wins face-off versus Nik Antropov in Senateurs zone.
17:41 of 2nd period - Slapshot by Dan Hamhuis.
17:41 of 2nd period - Shot Blocked by Steve Montador.
17:43 of 2nd period - Slapshot by Dan Hamhuis.
17:43 of 2nd period - Stopped by Michal Neuvirth with a rebound.
17:45 of 2nd period - Snap shot by Colby Armstrong.
17:45 of 2nd period - Goal by Colby Armstrong - Canucks : 1 - Senateurs : 3.
17:46 of 2nd period - Evgeni Malkin wins face-off versus Matt Stajan in neutral zone.
18:33 of 2nd period - Jiri Hudler is hit by Colton Parayko and loses puck.
19:06 of 2nd period - Slapshot by Brandon Dubinsky.
19:06 of 2nd period - Shot Misses the Net.
19:50 of 2nd period - Slapshot by Thomas Vanek.
19:50 of 2nd period - Goal by Thomas Vanek - Canucks : 1 - Senateurs : 4.
19:51 of 2nd period - Matt Stajan wins face-off versus Evgeni Malkin in neutral zone.
Goals for this period are 1 for Canucks vs 4 for Senateurs.
Shots for this period are 10 for Canucks vs 14 for Senateurs.

3rd period


0:01 of 3rd period - Brad Boyes wins face-off versus Evgeni Malkin in neutral zone.
0:06 of 3rd period - Wrist shot by Chris Higgins.
0:06 of 3rd period - Shot Misses the Net.
0:14 of 3rd period - Slapshot by Brad Boyes.
0:14 of 3rd period - Stopped by Ondrej Pavelec with a rebound.
0:30 of 3rd period - Snap shot by Thomas Vanek.
0:30 of 3rd period - Stopped by Michal Neuvirth with a rebound.
0:32 of 3rd period - Slapshot by Dan Hamhuis.
0:32 of 3rd period - Stopped by Michal Neuvirth with a rebound.
0:34 of 3rd period - Snap shot by Thomas Vanek.
0:34 of 3rd period - Stopped by Michal Neuvirth with a rebound.
0:36 of 3rd period - Backhand shot by Thomas Vanek.
0:36 of 3rd period - Deflect By Radim Vrbata.
0:36 of 3rd period - Shot Blocked by Alex Goligoski.
0:36 of 3rd period - Puck is out of play.
0:37 of 3rd period - Matt Stajan wins face-off versus Evgeni Malkin in Canucks zone.
1:14 of 3rd period - Danny DeKeiser is hit by Radim Vrbata and loses puck.
1:25 of 3rd period - Maxim Lapierre is hit by Chris Kunitz and loses puck.
1:48 of 3rd period - Snap shot by Maxim Lapierre.
1:48 of 3rd period - Stopped by Ondrej Pavelec without a rebound.
1:49 of 3rd period - Evgeni Malkin wins face-off versus Matt Stajan in Senateurs zone.
2:10 of 3rd period - Minor Penalty to Matt Stajan for Interference.
2:11 of 3rd period - Evgeni Malkin wins face-off versus Maxim Lapierre in Canucks zone.
2:46 of 3rd period - Wrist shot by Colby Armstrong.
2:46 of 3rd period - Stopped by Michal Neuvirth without a rebound.
2:47 of 3rd period - Maxim Lapierre wins face-off versus Marian Hossa in Canucks zone.
2:56 of 3rd period - Wrist shot by Thomas Vanek.
2:56 of 3rd period - Shot Misses the Net.
2:58 of 3rd period - Slapshot by Vladimir Mihalik.
2:58 of 3rd period - Shot Blocked by Steve Montador.
3:00 of 3rd period - Slapshot by Carlo Colaiacovo.
3:00 of 3rd period - Stopped by Michal Neuvirth without a rebound.
3:01 of 3rd period - Nik Antropov wins face-off versus Marian Hossa in Canucks zone.
3:14 of 3rd period - Wrist shot by Thomas Vanek.
3:14 of 3rd period - Stopped by Michal Neuvirth with a rebound.
3:16 of 3rd period - Slapshot by Cody Franson.
3:16 of 3rd period - Shot Misses the Net.
4:10 of 3rd period - Penalty to Matt Stajan is over, Matt Stajan is back on ice.
5:15 of 3rd period - Wrist shot by Evgeni Malkin.
5:15 of 3rd period - Shot Misses the Net.
5:27 of 3rd period - Danny DeKeiser is hit by Tomas Jurco and loses puck.
5:40 of 3rd period - Slapshot by Cody Hodgson.
5:40 of 3rd period - Goal by Cody Hodgson - Canucks : 1 - Senateurs : 5.
5:41 of 3rd period - Evgeni Malkin wins face-off versus Matt Stajan in neutral zone.
5:51 of 3rd period - Icing by Marian Hossa.
5:52 of 3rd period - Evgeni Malkin wins face-off versus Matt Stajan in Senateurs zone.
6:17 of 3rd period - Snap shot by Evgeni Malkin.
6:17 of 3rd period - Stopped by Michal Neuvirth without a rebound.
6:18 of 3rd period - Daniel Briere wins face-off versus Maxim Lapierre in Canucks zone.
6:34 of 3rd period - Snap shot by Maxim Lapierre.
6:34 of 3rd period - Stopped by Ondrej Pavelec with a rebound.
6:44 of 3rd period - Colby Armstrong is hit by Matt Stajan.
7:15 of 3rd period - Brenden Morrow is hit by Ryan Hollweg and loses puck.
7:35 of 3rd period - Chris Kunitz is hit by Clarke MacArthur and loses puck.
7:49 of 3rd period - Icing by Thomas Vanek.
7:50 of 3rd period - Matt Stajan wins face-off versus Daniel Briere in Senateurs zone.
8:49 of 3rd period - Alex Goligoski is hit by Colton Parayko and loses puck.
9:06 of 3rd period - Minor Penalty to Alex Goligoski for Interference.
9:07 of 3rd period - Matt Stajan wins face-off versus Evgeni Malkin in Canucks zone.
9:57 of 3rd period - Nik Antropov is hit by Brenden Morrow and loses puck.
10:31 of 3rd period - Ladislav Smid is hit by Cody Franson and loses puck.
11:06 of 3rd period - Penalty to Alex Goligoski is over, Alex Goligoski is back on ice.
11:12 of 3rd period - Slapshot by Brandon Dubinsky.
11:12 of 3rd period - Shot Misses the Net.
15:07 of 3rd period - Minor Penalty to Radim Vrbata for Interference.
15:08 of 3rd period - Evgeni Malkin wins face-off versus Matt Stajan in Senateurs zone.
16:11 of 3rd period - Cody Franson is hit by Danny DeKeiser and loses puck.
16:18 of 3rd period - Danny DeKeiser is hit by Brenden Morrow and loses puck.
17:07 of 3rd period - Penalty to Radim Vrbata is over, Radim Vrbata is back on ice.
18:38 of 3rd period - Colton Parayko is hit by Johan Franzen and loses puck.
18:57 of 3rd period - Snap shot by Brandon Dubinsky.
18:57 of 3rd period - Deflect By Chris Campoli.
18:57 of 3rd period - Goal by Brandon Dubinsky - Canucks : 1 - Senateurs : 6.
18:58 of 3rd period - Matt Stajan wins face-off versus Evgeni Malkin in neutral zone.
19:01 of 3rd period - Slapshot by Alex Goligoski.
19:01 of 3rd period - Goal by Alex Goligoski - Canucks : 2 - Senateurs : 6.
19:02 of 3rd period - Evgeni Malkin wins face-off versus Matt Stajan in neutral zone.
19:35 of 3rd period - Minor Penalty to Brad Boyes for Holding.
19:36 of 3rd period - Evgeni Malkin wins face-off versus Matt Stajan in Canucks zone.
19:48 of 3rd period - Snap shot by Evgeni Malkin.
19:48 of 3rd period - Shot Blocked by Matt Stajan.
19:50 of 3rd period - Wrist shot by Thomas Vanek.
19:50 of 3rd period - Stopped by Michal Neuvirth without a rebound.
19:51 of 3rd period - Evgeni Malkin wins face-off versus Matt Stajan in Canucks zone.
Goals for this period are 1 for Canucks vs 2 for Senateurs.
Shots for this period are 4 for Canucks vs 10 for Senateurs.